 Dungeon Crawl Stone Soup version 0.19.1 (webtiles) character file.

4088 sveltemanboy the Spear-Bearer (level 10, -5/78 HPs)
             Began as a Hill Orc Monk on Dec 15, 2016.
             Was a Priest of Beogh.
             Slain by a killer bee (8 damage)
             ... on level 9 of the Dungeon.
             The game lasted 00:21:41 (10172 turns).

sveltemanboy the Spear-Bearer (Hill Orc Monk)      Turns: 10172, Time: 00:21:42

Health: -5/78      AC:  8    Str: 18    XL:     10   Next: 26%
Magic:  24/24      EV: 11    Int: 10    God:    Beogh [***...]
Gold:   339        SH:  0    Dex: 14    Spells: 0 memorised, 9 levels left

rFire  . . .     SeeInvis +     k - +0 halberd
rCold  . . .     Gourm    .     o - +0 scale mail
rNeg   . . .     Faith    .     (shield currently unavailable)
rPois  .         Spirit   .     (no helmet)
rElec  .         Reflect  .     u - +2 cloak of Duck's Teeth {MP+9}
rCorr  .         Harm     .     (no gloves)
MR     ++...     Rnd*Rage +     F - +0 pair of boots
Stlth  ..........               (no amulet)
                                b - ring of see invisible
                                s - +5 ring of dexterity

@: lethally poisoned (-5 -> -38)
A: talons 1, berserk 1, clumsy 2, deformed body, magic resistance 2
a: Smiting, Renounce Religion


You were on level 9 of the Dungeon.
You worshipped Beogh.
Beogh was most pleased with you.
You were near starving.

You visited 1 branch of the dungeon, and saw 9 of its levels.
You also visited: Sewer.

You collected 395 gold pieces.
You spent 56 gold pieces at shops.

Inventory:

Hand Weapons
 e - a cursed -1 trident
 k - a +0 halberd (weapon)
 w - a +0 bardiche
 x - a +0 trident
Missiles
 a - 16 tomahawks (quivered)
Armour
 o - a +0 scale mail (worn)
 u - the +2 cloak of Duck's Teeth (worn) {MP+9}
   (You found it on level 4 of the Dungeon)

   It affects your magic capacity (+9).
 F - a +0 pair of boots (worn)
Jewellery
 b - a ring of see invisible (right hand)
 q - an uncursed ring of flight
 s - a +5 ring of dexterity (left hand)
Wands
 f - a wand of iceblast (3/15)
 C - a wand of lightning (10/15)
 D - a wand of lightning (10/15)
 E - a wand of disintegration (3/24)
 H - a wand of paralysis (8/24)
Scrolls
 d - a scroll of enchant weapon {unknown}
 g - a scroll of fog {unknown}
 j - 6 scrolls of teleportation {unknown}
 l - 4 scrolls of magic mapping {unknown}
 p - 10 scrolls of remove curse {unknown}
 r - 2 scrolls of noise {unknown}
 t - 2 scrolls of recharging {unknown}
 v - 4 scrolls of identify
 z - 3 scrolls of enchant armour {unknown}
Potions
 h - 3 potions of brilliance
 n - a potion of curing
 A - a potion of might
 B - a potion of magic
Books
 y - a book of Cantrips

   Spells                             Type                      Level
   a - Confusing Touch                Hexes                        1
   b - Animate Skeleton               Necromancy                   1
   c - Summon Small Mammal            Summoning                    1
   d - Apportation                    Translocation                1
Comestibles
 c - 5 bread rations
 i - 2 slices of pizza
 m - 5 meat rations


   Skills:
 - Level 4.1 Fighting
   Level 7.7(11.7) Axes
 * Level 11.8(12.4) Polearms
 - Level 3.0 Armour
 - Level 4.0 Dodging
 - Level 1.5 Stealth
 - Level 7.7 Invocations


You had 9 spell levels left.
You didn't know any spells.

Dungeon Overview and Level Annotations

Branches:
Dungeon (9/15)             Temple (0/1) D:4            Lair (0/6) D:9
    Orc: D:9-12

Altars:
Trog

Shops:
D:4 ?   D:9 [


Innate Abilities, Weirdness & Mutations

You have sharp toenails.
You tend to lose your temper in combat.
You are very clumsy. (Dex -4)
Armour fits poorly on your strangely shaped body.
You are highly resistant to hostile enchantments. (MR++)


Message History

The killer bee stings you but does no damage.
The killer bee closely misses you.
You closely miss the killer bee.
The killer bee is moderately wounded.
* * * LOW HITPOINT WARNING * * *
You feel very sick. The killer bee stings you!
* * * LOW HITPOINT WARNING * * *
You are more poisoned.
The killer bee poisons you! The killer bee barely misses you.
The killer bee stings you but does no damage.
Your orc wizard misses the killer bee.
The killer bee closely misses you. The killer bee barely misses you.
You miss the killer bee.
The killer bee is moderately wounded.
* * * LOW HITPOINT WARNING * * *
You feel sick. The killer bee stings you.
* * * LOW HITPOINT WARNING * * *
The killer bee stings you!
You die...

## ### ### #.# ##.#
###.# ###
#.####..####..##
....o#y)....###..###
.....yy@........##
.....oy#####...##
..##.Zy ##.## #..Z
##.#### .....
##...#### .....Y
####...# .......
##.## ....... #.#
##.#


You could see a yak, 5 killer bees, an orc priest, a worker ant simulacrum, a
quokka zombie and a friendly orc wizard.

Vanquished Creatures
  The ghost of kae the Carver, a novice FoFi of Okawaru (D:6)
  Joseph (D:7)
  Sigmund (D:5)
  Edmund (D:6)
  A black bear (D:9)
  2 ice beasts
  2 necrophages
  3 ogres
  2 centaurs (D:8)
  A big kobold (Sewer)
  A bullfrog (D:6)
  A gnoll sergeant (D:7)
  6 killer bees (D:7)
  3 howler monkeys
  2 crimson imps
  2 hounds
  4 orc priests
  3 jellies
  8 orc wizards
  4 iguanas
  Ijyb (D:2)
  A worker ant (D:5)
  A hound skeleton (D:5)
  3 gnolls (D:7)
  A howler monkey skeleton (D:7)
  A river rat (D:9)
  8 adders
  A shadow imp (D:7)
  3 oozes
  4 adder skeletons
  An adder zombie (D:6)
  A worm (D:3)
  4 dart slugs
  3 leopard geckos
  19 orcs
  8 giant cockroaches
  6 goblins
  3 hobgoblins (D:1)
  4 jackals
  4 quokkas
  6 ball pythons
  9 bats
  4 frilled lizards
  A jackal skeleton (D:4)
  15 kobolds
  A leopard gecko skeleton (D:4)
  A quokka zombie (D:6)
  7 rats
170 creatures vanquished.

Vanquished Creatures (collateral kills)
  A troll (D:8)
  An orc warrior (D:9)
  3 ice beasts (D:8)
  A sky beast (D:8)
  A scorpion (D:9)
  An electric eel (D:9)
  A crimson imp (D:7)
  An orc wizard (D:9)
  3 orcs (D:8)
  2 bats (D:9)
  A ball python (D:7)
16 creatures vanquished.

Vanquished Creatures (others)
  A wizard (D:7)
  An orc warrior (D:9)
  A bullfrog zombie (D:5)
  5 orc priests
  An orc wizard (D:5)
  11 orcs
  An adder zombie (D:5)
  2 fungi (D:9)
23 creatures vanquished.

Grand Total: 209 creatures vanquished

Notes
Turn   | Place    | Note
-------+----------+-------------------------------------------
     0 | D:1      | sveltemanboy the Hill Orc Monk began the quest for the Orb.
     0 | D:1      | Reached XP level 1. HP: 19/19 MP: 1/1
   326 | D:1      | Reached XP level 2. HP: 25/26 MP: 2/2
   840 | D:1      | Reached skill level 1 in Armour
   885 | D:1      | Reached skill level 5 in Axes
  1099 | D:1      | Reached XP level 3. HP: 30/31 MP: 3/3
  1476 | D:2      | Noticed Ijyb
  1518 | D:2      | Killed Ijyb
  1518 | D:2      | Reached XP level 4. HP: 32/39 MP: 4/4
  2038 | D:3      | Found a glowing drain.
  2155 | D:3      | Reached XP level 5. HP: 33/45 MP: 5/5
  2166 | Sewer    | Entered a sewer
  2257 | Sewer    | Noticed a big kobold
  2265 | Sewer    | Killed a big kobold
  2392 | Sewer    | Reached XP level 6. HP: 52/52 MP: 6/6
  2981 | D:4      | Got a warped cloak
  2987 | D:4      | Identified the +2 cloak of Duck's Teeth {MP+9} (You found it on level 4 of the Dungeon)
  3014 | D:4      | Found Zellil's Magic Scroll Emporium.
  3064 | D:4      | Bought a scroll of identify for 28 gold pieces
  3064 | D:4      | Bought a scroll of identify for 28 gold pieces
  3426 | D:4      | Found a staircase to the Ecumenical Temple.
  3604 | D:5      | Entered Level 5 of the Dungeon
  3605 | D:5      | Became a worshipper of Beogh the Brigand
  3605 | D:5      | Reached * piety under Beogh
  3605 | D:5      | Reached ** piety under Beogh
  3656 | D:5      | Reached skill level 1 in Polearms
  3825 | D:5      | Reached skill level 2 in Polearms
  3825 | D:5      | Reached XP level 7. HP: 59/59 MP: 7/7
  3834 | D:5      | Reached skill level 3 in Polearms
  4300 | D:5      | Reached skill level 4 in Polearms
  4331 | D:5      | Noticed Sigmund
  4491 | D:5      | Killed Sigmund
  4491 | D:5      | Reached skill level 5 in Polearms
  4613 | D:5      | Reached XP level 8. HP: 65/66 MP: 8/8
  4718 | D:6      | Noticed kae's ghost (novice FoFi)
  5483 | D:6      | Reached skill level 6 in Polearms
  5483 | D:6      | Reached skill level 1 in Invocations
  5528 | D:6      | Killed kae's ghost
  5528 | D:6      | Reached skill level 8 in Polearms
  5822 | D:6      | Reached XP level 9. HP: 71/71 MP: 12/12
  6209 | D:6      | Noticed Edmund
  6237 | D:6      | Killed Edmund
  6237 | D:6      | Reached skill level 5 in Invocations
  6420 | D:7      | Reached *** piety under Beogh
  6441 | D:6      | Reached skill level 9 in Polearms
  6864 | D:7      | Gained Ugbert as an ally
  6864 | D:7      | Gained Alork as an ally
  6865 | D:7      | Your ally Ugbert died
  6871 | D:7      | Your ally Alork died
  6873 | D:7      | HP: 1/71 [killer bee (5)]
  6876 | D:7      | Gained mutation: You tend to lose your temper in combat. [potion of mutation]
  6876 | D:7      | Gained mutation: You are clumsy. (Dex -2) [potion of mutation]
  6876 | D:7      | Gained mutation: You are very clumsy. (Dex -4) [potion of mutation]
  7354 | D:7      | Noticed Joseph
  7367 | D:7      | Killed Joseph
  7367 | D:7      | Reached skill level 10 in Polearms
  7981 | D:7      | Found a bloodstained altar of Trog.
  7982 | D:7      | Noticed a wizard
  7987 | D:7      | Killed a wizard
  8184 | D:8      | Gained mutation: Armour fits poorly on your strangely shaped body. [mutagenic meat]
  8185 | D:8      | Gained mutation: You are resistant to hostile enchantments. (MR+) [mutagenic meat]
  8186 | D:8      | Gained mutation: You are robust. (+10% HP) [mutagenic meat]
  8187 | D:8      | Gained mutation: You are highly resistant to hostile enchantments. (MR++) [mutagenic meat]
  8188 | D:8      | Lost mutation: You are robust. (+10% HP) [mutagenic meat]
  8189 | D:8      | Gained mutation: You have sharp toenails. [mutagenic meat]
  8333 | D:8      | Reached XP level 10. HP: 32/78 MP: 15/15
  8335 | D:8      | Reached skill level 11 in Polearms
  9653 | D:9      | HP: 1/78 [electric eel/bolt of electricity (16)]
 10019 | D:9      | Found Diorr's Armour Shoppe.
 10025 | D:9      | Found a staircase to the Lair.
 10172 | D:9      | HP: 3/78 [killer bee (4)]
 10172 | D:9      | Slain by a killer bee

Skill      XL: |  1  2  3  4  5  6  7  8  9 10 |
---------------+-------------------------------+-----
Armour         | 1 2 3 |  3.0
Axes           | 5 6 7 |  7.7
Fighting       | 4 |  4.1
Polearms       | 2 5 8 10 11 | 11.8
Dodging        | 3 4 |  4.0
Invocations    | 4 7 |  7.7
Stealth        | |  1.5

Action                   |  1- 3 |  4- 6 |  7- 9 | 10-12 || total
-------------------------+-------+-------+-------+-------++-------
Melee: Hand axe          |   119 |   148 |       |       ||   267
       Trident           |       |    29 |   454 |     5 ||   488
       Bardiche          |       |       |    24 |       ||    24
       Kick              |       |       |     6 |     2 ||     8
       Halberd           |       |       |       |    85 ||    85
Throw: Throwing net      |     2 |     1 |       |       ||     3
       Tomahawk          |       |     6 |    13 |     3 ||    22
Invok: Convert to Beogh  |       |     1 |       |       ||     1
       Smiting           |       |       |     5 |       ||     5
  Use: Potion            |     2 |     4 |    20 |     1 ||    27
       Scroll            |       |     6 |     3 |       ||     9
 Stab: Sleeping          |     3 |       |       |       ||     3
       Held in net/web   |     1 |       |       |       ||     1
       Invisible         |       |     3 |       |       ||     3
       Distracted        |       |       |       |     1 ||     1
  Eat: Chunk             |     2 |     8 |    15 |     3 ||    28
       Pizza             |       |       |     1 |       ||     1
       Fruit             |       |       |     2 |       ||     2
       Royal jelly       |       |       |     1 |       ||     1
       Beef jerky        |       |       |       |     1 ||     1
Armor: Robe              |    11 |       |       |       ||    11
       Ring mail         |    20 |       |       |       ||    20
       Scale mail        |    21 |    58 |   118 |    33 ||   230
       Skin              |       |       |    36 |       ||    36
Dodge: Dodged            |    57 |    94 |   184 |    58 ||   393
